Unix NetHack Version 5.0.0-0 post-release - last build Jun 10 2026 00:39:30 (3ee93aec679c4c4259841fe613dc97188e26a321,branch:main).

Game began 2026-06-29 06:44:41, ended 2026-06-29 07:01:23.

Brudee, chaotic female human Rogue

                                                             -----
                                                             |...|
                                                   ###       ..[<|
                     |           -------------   ###         |...|
                     ......-     .C.........C.###############....|
                     |           |.....C.....|#              |...|
                                 |...-----...|               |...|
                                 |...|.{.|...|               -----
                                 |..C|{@{|C..|
                                 |....&@.|...|
                                 +...-----...|
                                 |....   ....|
                                 |C....  ...C|
                                 -------------

Brudee the Cutpurse     St:16 Dx:18 Co:10 In:12 Wi:9 Ch:11  Chaotic S:789
Dlvl:5  $:101 HP:0(29) Pw:15(15) AC:6  Xp:4/117 T:1435 

Latest messages:
 You don't have that object.
 What do you want to use or apply? [efgt or ?*] <space>
 Never mind.
 What do you want to dip? [ac-hjkmnpqs-uwC or ?*] d
 Dip an uncursed potion of sickness into the fountain? [yn] (n) y
 Your potion of sickness dilutes.
 What do you want to dip? [ac-hjkmnpqs-uwC or ?*] d
 Dip an uncursed diluted potion of sickness into the fountain? [yn] (n) y
 Your diluted potion of sickness dilutes further.
 You unleash a water demon!
 What do you want to zap? [t or ?*] ?
 In what direction? h
 The magic missile hits the water demon!
 The magic missile bounces!
 The water demon hits!
 The water demon hits!
 The water demon bites!
 What do you want to zap? [t or ?*] t
 In what direction? h
 The magic missile hits the water demon!
 The magic missile bounces!
 The water demon hits!
 The water demon hits!
 The water demon bites!
 What do you want to zap? [t or ?*] t
 In what direction? h
 The magic missile hits the water demon!
 The magic missile bounces!
 The water demon hits!
 The water demon hits!
 The water demon bites!
 What do you want to zap? [t or ?*] t
 In what direction? h
 The magic missile hits the water demon.
 The magic missile bounces!
 The water demon hits!
 The water demon hits!
 The water demon bites!
 What do you want to zap? [t or ?*] t
 In what direction? h
 The magic missile hits the water demon!
 The water demon hits!
 The water demon hits!
 The water demon bites!
 What do you want to zap? [t or ?*] t
 Nothing happens.
 The water demon hits!
 You die...
 Do you want your possessions identified? [ynq] (y) y
 Do you want to see your attributes? [ynq] (y) q

Inventory:
 Coins    ('$')
  $ - 101 gold pieces
 Weapons  (')')
  m - 9 +0 darts
  s - 13 +0 daggers (at the ready)
  C - a cursed +0 orcish dagger
  a - a +0 short sword (weapon in right hand)
 Armor    ('[')
  c - a blessed +2 leather armor (being worn)
 Comestibles  ('%')
  n - an uncursed cram ration
  j - an uncursed food ration
 Scrolls  ('?')
  q - an uncursed scroll of enchant armor
  w - an uncursed scroll of identify
  k - a blessed scroll of teleportation
  u - 2 uncursed scrolls of teleportation
 Potions  ('!')
  p - an uncursed potion of speed
  d - an uncursed potion of water
 Rings    ('=')
  h - an uncursed ring of conflict
 Wands    ('/')
  t - a wand of magic missile (0:0)
 Tools    ('(')
  f - an empty uncursed sack
  g - an uncursed blindfold
  e - an uncursed lock pick

Brudee the Rogue's attributes:

Background:
 You were a Cutpurse, a level 4 female human Rogue.
 You were chaotic, on a mission for Kos
 who was opposed by Issek (lawful) and Mog (neutral).
 You were right-handed.
 You were in the Dungeons of Doom, on level 5.
 You entered the dungeon 1435 turns ago.
 There was a full moon in effect when your adventure ended.
 You had 117 experience points, 43 more were needed to attain level 5.
 Your score was 789 before end-of-game adjustments.

Basics:
 You had 0 out of 29 hit points.
 You had all 15 energy points (spell power).
 Your armor class was 6.
 Your wallet contained 101 zorkmids.
 Autopickup was off.

Final Characteristics:
 Your strength was 16 (limit:18/100).
 Your dexterity was 18 (limit:18).
 Your constitution was 10 (limit:18).
 Your intelligence was 12 (limit:18).
 Your wisdom was 9 (limit:18).
 Your charisma was 11 (limit:18).

Final Status:
 You weren't hungry.
 You were unencumbered.
 You were wielding a short sword.
 You had basic skill with short sword.

Final Attributes:
 You were devoutly aligned.
 You were telepathic.
 You were stealthy.
 You were warded.
 You were lucky.
 You are dead.

Miscellaneous:
 You didn't encounter any bones levels.
 Total elapsed playing time was 16 minutes and 41 seconds.

Major events:
 Turn
    1: Brudee the chaotic female human Rogue entered the dungeon
  605: entered the Gnomish Mines
  923: attained the rank of Cutpurse (level 3)
 1435: killed by a water demon

You didn't know any spells.

Skills:
 Fighting Skills
   bare handed combat [Unskilled]
   two weapon combat  [Unskilled]
   riding             [Unskilled]
 Weapon Skills
   dagger             [Basic]
   knife              [Unskilled]
   short sword        [Basic]
   broadsword         [Unskilled]
   long sword         [Unskilled]
   two-handed sword   [Unskilled]
   saber              [Unskilled]
   club               [Unskilled]
   mace               [Unskilled]
   morning star       [Unskilled]
   flail              [Unskilled]
   hammer             [Unskilled]
   polearms           [Unskilled]
   spear              [Unskilled]
   crossbow           [Unskilled]
   dart               [Unskilled]
   shuriken           [Unskilled]
 Spellcasting Skills
   divination spells  [Unskilled]
   escape spells      [Unskilled]
   matter spells      [Unskilled]

Voluntary challenges:
 Character rerolling was not enabled.
 You never genocided any monsters.
 You never polymorphed an object.
 You never changed form.
 You used no wishes.
Achievements:
 You entered the Gnomish Mines.
 You attained the rank of Cutpurse.

 The Dungeons of Doom: levels 1 to 5
    Level 1:
    Level 2:
    Level 3:
       Stairs down to The Gnomish Mines.
    Level 4:
       An altar to Kos.
    Level 5: <- You were here.
       Many fountains.
       Oracle of Delphi.
       Final resting place for
          you, killed by a water demon.
 The Gnomish Mines:
    Level 4:


Vanquished creatures:
  a little dog
  a floating eye
  a kobold leader
  3 hill orcs
 an iguana
 an acid blob
  a coyote
  a hobgoblin
  a gnome
  2 jackals
  a kobold
  a goblin
  a grid bug
  2 bats
  4 lichens
  a kobold zombie
  a newt
24 creatures vanquished.

No species were genocided or became extinct.

Game over:
                       ----------
                      /          \
                     /    REST    \
                    /      IN      \
                   /     PEACE      \
                  /                  \
                  |      Brudee      |
                  |      101 Au      |
                  |   killed by a    |
                  |   water demon    |
                  |                  |
                  |                  |
                  |       2026       |
                 *|     *  *  *      | *
        _________)/\\_//(\/(/\)/\//\/|_)_______

Goodbye Brudee the Rogue...

You died in The Dungeons of Doom on dungeon level 5 with 779 points,
and 101 pieces of gold, after 1435 moves.
You were level 4 with a maximum of 29 hit points when you died.

